 Dungeon Crawl Stone Soup version 0.24.0-1-gfbc8707122 (webtiles) character file.

Game seed: 18205021183324085291, levelgen mode: deterministic

51 Aviak the Insei (level 3, 0/24 HPs)
             Began as an Octopode Transmuter on Oct 26, 2019.
             Slain by a frilled lizard (2 damage)
             ... on level 2 of the Dungeon.
             The game lasted 00:02:01 (1078 turns).

Aviak the Insei (Octopode Transmuter)               Turns: 1078, Time: 00:02:02

Health: 0/24       AC:  1    Str:  9    XL:     3   Next: 81%
Magic:  5/6        EV: 14    Int: 15    God:
Gold:   34         SH:  0    Dex: 13    Spells: 3/6 levels left

rFire    . . .     SeeInvis .     - Unarmed
rCold    . . .     Gourm    .   (no shield)
rNeg     . . .     Faith    .   (helmet restricted)
rPois    .         Spirit   .   (no amulet)
rElec    .         Reflect  .   (no ring)
rCorr    .         Harm     .   (no ring)
MR       .....                  (no ring)
Stlth    ++........             (no ring)
HPRegen  0.08/turn              (no ring)
MPRegen  0.10/turn              (no ring)
                                (no ring)
                                (no ring)

@: appendage, hasted, very quick
A: almost no armour, stealthy swim, amphibious, 8 rings, constrict 8, tentacle
spike 3, camouflage 1, gelatinous body 1
a: End Transformation


You were on level 2 of the Dungeon.
You were hungry.
One of your tentacles had a temporary spike.
You visited 1 branch of the dungeon, and saw 2 of its levels.

You collected 34 gold pieces.

Inventory:

Missiles
 a - 10 arrows
Armour
 h - a cursed -2 shield
Jewellery
 g - an uncursed ring of protection from cold {unknown}
Scrolls
 f - 2 scrolls of immolation {unknown}
Potions
 d - a potion of flight {unknown}
 e - a potion of invisibility {unknown}
Comestibles
 c - 4 rations


   Skills:
 + Level 1.7 Fighting
 + Level 2.5 Dodging
 + Level 3.4 Unarmed Combat
 + Level 2.3 Spellcasting
 + Level 2.5 Transmutations


You had 3 spell levels left.
You knew the following spells:

 Your Spells              Type           Power        Failure   Level  Hunger
a - Beastly Appendage     Tmut           #.....       8%          1    #......
b - Sticks to Snakes      Tmut           #.......     12%         2    ###....

Your spell library contained the following spells:

 Spells                   Type           Power        Failure   Level  Hunger
 Spider Form              Tmut/Pois      #.........   36%         3    ###....
 Ice Form                 Ice/Tmut       #.......     77%         4    #####..
 Blade Hands              Tmut           #.........   91%         5    ######.


Dungeon Overview and Level Annotations

Branches:
Dungeon (1/15)

Altars:


Innate Abilities, Weirdness & Mutations

You cannot wear most types of armour.
You are very stealthy in the water. (Stealth+)
You are amphibious.
You can wear up to eight rings at the same time.
You can use your tentacles to constrict eight enemies at once.
Your skin changes colour to match your surroundings (Stealth+).
Your rubbery body absorbs attacks. (AC +1, EV +1)
One of your tentacles bears a large vicious spike.


Message History

You tentacle-slap the giant cockroach. Your grab misses the giant cockroach.
You squeeze the giant cockroach.
You kill the giant cockroach!
The bat completely misses you.
Casting: Beastly Appendage (safe; 8% risk of failure)
Confirm with . or Enter, or press ? or * to list all spells.
One of your tentacles grows a vicious spike.
The bat hits you but does no damage. The bat hits you but does no damage.
The bat hits you. The dart slug launches a dart at you. The slug dart hits you.
* * * LOW HITPOINT WARNING * * *
The frilled lizard misses you. The bat misses you. The bat hits you.
* * * LOW HITPOINT WARNING * * *
The bat hits you.
* * * LOW HITPOINT WARNING * * *
It was a potion of haste.
You feel yourself speed up. The frilled lizard bites you.
You die...

#.#.......#.# #
#######...........# .
...............### #. #.
#.####..##...###
.#.##.###.####).##...#####
................###.......
#.#.##.###.##..# ########
. .............<# #.#
#.#.##@#.##...#
#...#...bl...##.#...
#....%.#.#......#.#
..#.#.$..w)#.##..##.#
#........#...# ..# #
#.#.##.#.#.#.# ..
.......#... #. ##.##.#.#
##.. .. ....). ..


You could see a dart slug, a bat and a frilled lizard.

Vanquished Creatures
  2 adders (D:2)
  2 worms (D:2)
  A dart slug (D:2)
  A ball python (D:2)
  2 giant cockroaches
  2 goblins (D:2)
  2 hobgoblins
  2 bats (D:2)
  2 frilled lizards (D:2)
  3 kobolds (D:2)
  2 rats (D:1)
21 creatures vanquished.

Vanquished Creatures (collateral kills)
  An adder (D:2)
1 creature vanquished.

Grand Total: 22 creatures vanquished

Notes
Turn   | Place    | Note
-------+----------+-------------------------------------------
     0 | D:1      | Aviak the Octopode Transmuter began the quest for the Orb.
     0 | D:1      | Reached XP level 1. HP: 13/13 MP: 3/3
   145 | D:1      | You fall into a shaft and drop 1 floor!
   154 | D:2      | Reached XP level 2. HP: 11/18 MP: 3/5
   161 | D:2      | Learned a level 2 spell: Sticks to Snakes
   374 | D:2      | Reached XP level 3. HP: 19/23 MP: 4/6
  1078 | D:2      | Slain by a frilled lizard

Levels and vault maps discovered:
D:1:      evilmike_arrival_hilbert_curve, layout_loops_cross,
          minmay_pentomino_v2
D:2:      layout_loops_ring, serial_aquarium, aquarium_bridge_square
          [aquarium_subvault_bridge, aquarium_subvault_window,
          aquarium_subvault_window, aquarium_subvault_wall], aquarium_window_1,
          aquarium_window_fake, aquarium_view_2c, aquarium_balcony_double_4,
          aquarium_pool_1, minmay_diced_spiral

Action                   || total
-------------------------++-------
Melee: Unarmed           ||    58
       Constrict         ||    16
       Tentacles         ||    10
       Kick              ||     5
 Cast: Beastly Appendage ||     6
       Sticks to Snakes  ||     2
  Use: Potion            ||     1
 Stab: Sleeping          ||     2
Armor: Skin              ||     7
Dodge: Dodged            ||    35
